| TOP OF THE 1ST |
|
Greenwood Grizzlies batting - Pitching for Gastonia Rockets : RHP Jesus Aguilar
|
|
Pitching: RHP Jesus Aguilar
|
|
|
Batting: RHB Dave Gallagher
|
0-0: Ball 1-0: Ball 2-0: Fly out, F8 (Flyball, 89XD, EV 96.9 MPH)
|
|
Batting: LHB John Flammang
|
0-0: Ball 1-0: SINGLE (Flyball, 8RS, EV 91.3 MPH)
|
|
Batting: LHB Mike Greenwell
|
0-0: Called Strike John Flammang steals 2nd base (no throw) 0-1: Foul Ball, location: 2F 0-2: Ground out 5-3 (Groundball, 15, EV 86.3 MPH)
|
|
Batting: RHB Alfonso Gomez
|
0-0: Swinging Strike 0-1: Fly out, F8 (Flyball, 8RD, EV 92.5 MPH)
|
| Top of the 1st over - 0 runs, 1 hit, 0 errors, 1 left on base; Greenwood 0 - Gastonia 0 |
| BOTTOM OF THE 1ST |
|
Gastonia Rockets batting - Pitching for Greenwood Grizzlies : RHP Juan Cardona
|
|
Pitching: RHP Juan Cardona
|
|
|
Batting: RHB Glenn Jones
|
0-0: Ball 1-0: Swinging Strike 1-1: Called Strike 1-2: SINGLE (Groundball, 15S, EV 62.5 MPH) (infield hit)
|
|
Pinch Runner at 1st Lance Viola:
|
|
|
Batting: LHB Jon Lindsey
|
0-0: Ball 1-0: Ball 2-0: Foul Ball, location: 2F 2-1: Swinging Strike 2-2: Foul Ball, location: 2F 2-2: Ball 3-2: Fly out, F5 (Popup, 5SF, EV 67.5 MPH)
|
|
Batting: LHB Dale Holman
|
0-0: Called Strike 0-1: Ball 1-1: Ball 2-1: Ball 3-1: Fielders Choice at 2nd, 6-4 (Groundball, 6, EV 87.5 MPH)
|
|
Batting: RHB Mark Davidson
|
0-0: Foul Ball, location: 2F 0-1: Ball 1-1: Foul Ball, location: 2F 1-2: Ball 2-2: Ball 3-2: Base on Balls Dale Holman to second
|
|
Batting: LHB Reginald Thomas
|
0-0: Called Strike 0-1: Ball 1-1: Called Strike 1-2: Ball 2-2: Strikes out swinging
|
| Bottom of the 1st over - 0 runs, 1 hit, 0 errors, 2 left on base; Greenwood 0 - Gastonia 0 |
| TOP OF THE 2ND |
|
Greenwood Grizzlies batting - Pitching for Gastonia Rockets : RHP Jesus Aguilar
|
|
Batting: LHB Daryl Boston
|
0-0: Called Strike 0-1: Swinging Strike 0-2: Strikes out looking
|
|
Batting: RHB Robert Weirum
|
0-0: SINGLE (Groundball, 56S, EV 71.3 MPH) (infield hit)
|
|
Batting: RHB Jim Sherman
|
0-0: Called Strike 0-1: Swinging Strike 0-2: Ball 1-2: Ball 2-2: Foul Ball, location: 2F 2-2: Ball 3-2: Foul Ball, location: 2F 3-2: Foul Ball, location: 2F 3-2: SINGLE (Line Drive, 89S, EV 110.0 MPH) Robert Weirum to second Robert Weirum to third
|
|
Batting: RHB Frank Castro
|
0-0: Ball 1-0: Ball 2-0: Ball 3-0: Called Strike 3-1: Grounds into double play, 6-4-3 (Groundball, 56D, EV 87.5 MPH)
|
| Top of the 2nd over - 0 runs, 2 hits, 0 errors, 1 left on base; Greenwood 0 - Gastonia 0 |
| BOTTOM OF THE 2ND |
|
Gastonia Rockets batting - Pitching for Greenwood Grizzlies : RHP Juan Cardona
|
|
Batting: RHB James Crawford
|
0-0: Called Strike 0-1: Ball 1-1: Ball 2-1: Foul Ball, location: 2F 2-2: Strikes out looking
|
|
Batting: RHB Pat Dumouchelle
|
0-0: Ball 1-0: Swinging Strike 1-1: Ball 2-1: SINGLE (Line Drive, 78S, EV 103.8 MPH)
|
|
Batting: RHB Donald Murelli
|
0-0: Called Strike 0-1: Foul Ball, location: 2F 0-2: Grounds into double play, 5-4-3 (Groundball, 56, EV 84.4 MPH)
|
| Bottom of the 2nd over - 0 runs, 1 hit, 0 errors, 0 left on base; Greenwood 0 - Gastonia 0 |
| TOP OF THE 3RD |
|
Greenwood Grizzlies batting - Pitching for Gastonia Rockets : RHP Jesus Aguilar
|
|
Batting: RHB Timothy Hume
|
0-0: Ball 1-0: Swinging Strike 1-1: Foul Ball, location: 2F 1-2: Strikes out swinging
|
|
Batting: RHB Dave Gallagher
|
0-0: Ball 1-0: Ball 2-0: TRIPLE (Flyball, 89XD, EV 88.8 MPH)
|
|
Batting: LHB John Flammang
|
0-0: Ball 1-0: Called Strike 1-1: Ball 2-1: Ball 3-1: Base on Balls
|
|
Batting: LHB Mike Greenwell
|
0-0: Ball 1-0: Called Strike John Flammang steals 2nd base 1-1: Called Strike 1-2: Ball 2-2: Fly out, F9 (Flyball, 9LM, EV 101.3 MPH) Runner from 3rd tags up, SCORES, throw by RF John Flammang to third
|
|
Batting: RHB Alfonso Gomez
|
0-0: DOUBLE (Flyball, 8LXD, EV 110.0 MPH) John Flammang scores
|
|
Batting: LHB Daryl Boston
|
0-0: Called Strike 0-1: Ball 1-1: Ball 2-1: Fly out, F7 (Line Drive, 7, EV 103.8 MPH)
|
| Top of the 3rd over - 2 runs, 2 hits, 0 errors, 1 left on base; Greenwood 2 - Gastonia 0 |
| BOTTOM OF THE 3RD |
|
Gastonia Rockets batting - Pitching for Greenwood Grizzlies : RHP Juan Cardona
|
|
Batting: RHB Joe Jones
|
0-0: Fly out, F9 (Flyball, 89S, EV 81.3 MPH)
|
|
Batting: RHB Lance Viola
|
0-0: Called Strike 0-1: Ball 1-1: Foul Ball, location: 2F 1-2: Ball 2-2: Strikes out swinging
|
|
Batting: LHB Jon Lindsey
|
0-0: Ball 1-0: Swinging Strike 1-1: Bunt for hit to 15S - play at first, batter OUT! 1-3
|
| Bottom of the 3rd over - 0 runs, 0 hits, 0 errors, 0 left on base; Greenwood 2 - Gastonia 0 |
| TOP OF THE 4TH |
|
Greenwood Grizzlies batting - Pitching for Gastonia Rockets : RHP Jesus Aguilar
|
|
Batting: RHB Robert Weirum
|
0-0: Ball 1-0: Foul Ball, location: 2F 1-1: Ball 2-1: Ball 3-1: Base on Balls
|
|
Batting: RHB Jim Sherman
|
0-0: Ball 1-0: Ball 2-0: Called Strike 2-1: Called Strike 2-2: Ball 3-2: Foul Ball, location: 2F 3-2: Base on Balls Robert Weirum to second
|
|
Batting: RHB Frank Castro
|
0-0: Ball 1-0: Foul Ball, location: 2F 1-1: Grounds into double play, 5-4-3 (Groundball, 5, EV 90.0 MPH) Robert Weirum to third
|
|
Batting: RHB Timothy Hume
|
0-0: Ball 1-0: Foul Ball, location: 2F 1-1: Ground out U3 (Groundball, 3S, EV 88.1 MPH)
|
| Top of the 4th over - 0 runs, 0 hits, 0 errors, 1 left on base; Greenwood 2 - Gastonia 0 |
| BOTTOM OF THE 4TH |
|
Gastonia Rockets batting - Pitching for Greenwood Grizzlies : RHP Juan Cardona
|
|
Batting: LHB Dale Holman
|
0-0: Ball 1-0: Swinging Strike 1-1: Foul Ball, location: 2F 1-2: Foul Ball, location: 2F 1-2: Ball 2-2: Fly out, F3 (Line Drive, 3, EV 67.5 MPH)
|
|
Batting: RHB Mark Davidson
|
0-0: Foul Ball, location: 2F 0-1: Ball 1-1: Ball 2-1: Ball 3-1: Foul Ball, location: 2F 3-2: Strikes out swinging
|
|
Batting: LHB Reginald Thomas
|
0-0: Called Strike 0-1: Hit by Pitch
|
|
Batting: RHB James Crawford
|
0-0: Ball 1-0: Ball 2-0: Called Strike 2-1: Fielders Choice at 2nd, 5-4 (Groundball, 56, EV 76.9 MPH)
|
| Bottom of the 4th over - 0 runs, 0 hits, 0 errors, 1 left on base; Greenwood 2 - Gastonia 0 |
| TOP OF THE 5TH |
|
Greenwood Grizzlies batting - Pitching for Gastonia Rockets : RHP Jesus Aguilar
|
|
Batting: RHB Dave Gallagher
|
0-0: Ground out 5-3 (Groundball, 56, EV 102.5 MPH)
|
|
Batting: LHB John Flammang
|
0-0: Ground out U3 (Groundball, 34, EV 91.3 MPH)
|
|
Batting: LHB Mike Greenwell
|
0-0: Ball 1-0: Called Strike 1-1: Fly out, F8 (Flyball, 8LM, EV 91.3 MPH)
|
| Top of the 5th over - 0 runs, 0 hits, 0 errors, 0 left on base; Greenwood 2 - Gastonia 0 |
| BOTTOM OF THE 5TH |
|
Gastonia Rockets batting - Pitching for Greenwood Grizzlies : RHP Juan Cardona
|
|
Batting: RHB Pat Dumouchelle
|
0-0: Ground out 4-3 (Groundball, 4, EV 100.6 MPH)
|
|
Batting: RHB Donald Murelli
|
0-0: Called Strike 0-1: SINGLE (Line Drive, 34, EV 97.5 MPH)
|
|
Batting: RHB Joe Jones
|
0-0: Foul Ball, location: 2F 0-1: Ball 1-1: Called Strike 1-2: Ball 2-2: Foul Ball, location: 2F 2-2: Fly out, F7 (Flyball, 7LS, EV 90.0 MPH)
|
|
Batting: RHB Lance Viola
|
0-0: Ball 1-0: SINGLE (Groundball, 6MD, EV 102.5 MPH) Donald Murelli to second Runner from 2nd tries for 3rd, SAFE, throw by CF made to third
|
|
Batting: LHB Jon Lindsey
|
0-0: Ball 1-0: Called Strike 1-1: Ball 2-1: Foul Ball, location: 2F 2-2: SINGLE (Groundball, 23, EV 70.6 MPH) (infield hit) Donald Murelli scores Lance Viola to second
|
|
Batting: LHB Dale Holman
|
0-0: 3-RUN HOME RUN (Flyball, 9LD, EV 102.5 MPH), Distance : 341 ft
|
|
Batting: RHB Mark Davidson
|
0-0: Swinging Strike 0-1: Foul Ball, location: 2F 0-2: Ball 1-2: Ball 2-2: Foul Ball, location: 2F 2-2: Ground out 6-3 (Groundball, 6, EV 84.4 MPH)
|
| Bottom of the 5th over - 4 runs, 4 hits, 0 errors, 0 left on base; Greenwood 2 - Gastonia 4 |
| TOP OF THE 6TH |
|
Greenwood Grizzlies batting - Pitching for Gastonia Rockets : RHP Jesus Aguilar
|
|
Batting: RHB Alfonso Gomez
|
0-0: Ball 1-0: Fly out, F9 (Flyball, 9LS, EV 95.6 MPH)
|
|
Batting: LHB Daryl Boston
|
0-0: Ball 1-0: Called Strike 1-1: Swinging Strike 1-2: Ball 2-2: Ball 3-2: Strikes out swinging
|
|
Batting: RHB Robert Weirum
|
0-0: Ball 1-0: Called Strike 1-1: Ball 2-1: Ball 3-1: Ground out 3-1 (Groundball, 34, EV 105.6 MPH)
|
| Top of the 6th over - 0 runs, 0 hits, 0 errors, 0 left on base; Greenwood 2 - Gastonia 4 |
| BOTTOM OF THE 6TH |
|
Gastonia Rockets batting - Pitching for Greenwood Grizzlies : RHP Juan Cardona
|
|
Batting: LHB Reginald Thomas
|
0-0: Called Strike 0-1: Called Strike 0-2: Ball 1-2: Ball 2-2: Strikes out looking
|
|
Batting: RHB James Crawford
|
0-0: Called Strike 0-1: Fly out, F7 (Flyball, 7D, EV 93.8 MPH)
|
|
Batting: RHB Pat Dumouchelle
|
0-0: Foul Ball, location: 2F 0-1: Ball 1-1: Ball 2-1: Ball 3-1: Fly out, F8 (Flyball, 8RM, EV 87.5 MPH)
|
| Bottom of the 6th over - 0 runs, 0 hits, 0 errors, 0 left on base; Greenwood 2 - Gastonia 4 |
| TOP OF THE 7TH |
|
Greenwood Grizzlies batting - Pitching for Gastonia Rockets : RHP Jesus Aguilar
|
|
Batting: RHB Jim Sherman
|
0-0: Ball 1-0: Ball 2-0: Foul Ball, location: 2F 2-1: Swinging Strike 2-2: Foul Ball, location: 2F 2-2: Ball 3-2: Ground out U3 (Groundball, 23, EV 81.3 MPH)
|
|
Batting: RHB Frank Castro
|
0-0: SINGLE (Flyball, 8LS, EV 85.0 MPH)
|
|
Batting: RHB Timothy Hume
|
0-0: Called Strike 0-1: Foul Ball, location: 2F 0-2: Ball 1-2: Foul Ball, location: 2F 1-2: Ball 2-2: Strikes out looking
|
|
Batting: RHB Dave Gallagher
|
0-0: SINGLE (Groundball, 4MD, EV 106.3 MPH) Frank Castro to second Runner from 2nd tries for 3rd, SAFE, throw by CF made to third Dave Gallagher to second
|
|
Batting: LHB John Flammang
|
0-0: SINGLE (Groundball, 6MD, EV 103.8 MPH) Frank Castro scores Dave Gallagher to third Runner from 3rd tries for Home, SAFE, throw by CF to home John Flammang to second
|
|
Batting: LHB Mike Greenwell
|
0-0: Called Strike 0-1: Ball 1-1: Fly out, F8 (Line Drive, 8LD, EV 96.9 MPH)
|
| Top of the 7th over - 2 runs, 3 hits, 0 errors, 1 left on base; Greenwood 4 - Gastonia 4 |
| BOTTOM OF THE 7TH |
|
Gastonia Rockets batting - Pitching for Greenwood Grizzlies : RHP Juan Cardona
|
|
Batting: RHB Donald Murelli
|
0-0: Ball 1-0: Called Strike 1-1: Ball 2-1: Called Strike 2-2: Ball 3-2: Foul Ball, location: 2F 3-2: Ground out 6-3 (Groundball, 6, EV 103.8 MPH)
|
|
Batting: RHB Joe Jones
|
0-0: Called Strike 0-1: Ground out 6-3 (Groundball, 6, EV 88.8 MPH)
|
|
Batting: RHB Lance Viola
|
0-0: DOUBLE (Line Drive, 8RXD, EV 105.6 MPH)
|
|
Batting: LHB Jon Lindsey
|
0-0: Foul Ball, location: 2F 0-1: Ball 1-1: Ball 2-1: Ball 3-1: Base on Balls
|
|
Batting: LHB Dale Holman
|
0-0: Called Strike 0-1: Ground out U3 (Groundball, 34, EV 102.5 MPH)
|
| Bottom of the 7th over - 0 runs, 1 hit, 0 errors, 2 left on base; Greenwood 4 - Gastonia 4 |
| TOP OF THE 8TH |
|
Greenwood Grizzlies batting - Pitching for Gastonia Rockets : RHP Jesus Aguilar
|
|
Batting: RHB Alfonso Gomez
|
0-0: Ball 1-0: Ball 2-0: Called Strike 2-1: Foul Ball, location: 2F 2-2: Ball 3-2: Reached on error, E5 (Groundball, 56, EV 80.0 MPH)
|
|
Batting: LHB Daryl Boston
|
0-0: Called Strike 0-1: Ball 1-1: Fielders Choice at 2nd, 4-6 (Groundball, 34, EV 86.9 MPH)
|
|
Batting: RHB Robert Weirum
|
0-0: Bunt missed! 0-1: Ball 1-1: Bunt missed! 1-2: DOUBLE (Line Drive, 9LS, EV 102.5 MPH) Daryl Boston to third
|
|
Batting: RHB Jim Sherman
|
0-0: Ball 1-0: Ball 2-0: Ball 3-0: Fly out, F8 (Flyball, 89XD, EV 102.5 MPH) Runner from 3rd tags up, SCORES, no throw by CF
|
|
Batting: RHB Frank Castro
|
0-0: Called Strike 0-1: Ball 1-1: Ground out 6-3 (Groundball, P, EV 80.6 MPH)
|
| Top of the 8th over - 1 run, 1 hit, 1 error, 1 left on base; Greenwood 5 - Gastonia 4 |
| BOTTOM OF THE 8TH |
|
Gastonia Rockets batting - Pitching for Greenwood Grizzlies : RHP Juan Cardona
|
|
Batting: RHB Mark Davidson
|
0-0: Ball 1-0: Fly out, F8 (Flyball, 8RD, EV 97.5 MPH)
|
|
Batting: LHB Reginald Thomas
|
0-0: Swinging Strike 0-1: Fly out, F9 (Flyball, 9S, EV 87.5 MPH)
|
|
Batting: RHB James Crawford
|
0-0: Ball 1-0: Called Strike 1-1: Foul Ball, location: 2F 1-2: Fly out, F9 (Flyball, 89M, EV 87.5 MPH)
|
| Bottom of the 8th over - 0 runs, 0 hits, 0 errors, 0 left on base; Greenwood 5 - Gastonia 4 |
| TOP OF THE 9TH |
|
Greenwood Grizzlies batting - Pitching for Gastonia Rockets : RHP Jesus Aguilar
|
|
Pitching: LHP David Cammack
|
|
|
Batting: RHB Timothy Hume
|
0-0: Ball 1-0: Called Strike 1-1: Foul Ball, location: 2F 1-2: Ground out 1-3 (Groundball, 34S, EV 76.3 MPH)
|
|
Batting: RHB Dave Gallagher
|
0-0: SINGLE (Groundball, 34S, EV 71.9 MPH) (infield hit)
|
|
Batting: LHB John Flammang
|
0-0: Swinging Strike 0-1: Ball 1-1: Ball 2-1: Fielders Choice at 2nd, 5-4 (Groundball, 15, EV 82.5 MPH)
|
|
Batting: LHB Mike Greenwell
|
0-0: Ball John Flammang steals 2nd base (no throw) 1-0: Ground out 5-3 (Groundball, 56, EV 81.9 MPH)
|
| Top of the 9th over - 0 runs, 1 hit, 0 errors, 1 left on base; Greenwood 5 - Gastonia 4 |
| BOTTOM OF THE 9TH |
|
Gastonia Rockets batting - Pitching for Greenwood Grizzlies : RHP Juan Cardona
|
|
Pitching: RHP Byron Jackson
|
|
|
Now in LF: Jim Watkins
|
|
|
Batting: RHB Pat Dumouchelle
|
0-0: Foul Ball, location: 2F 0-1: Foul Ball, location: 2F 0-2: Ball 1-2: Ball 2-2: Strikes out swinging
|
|
Pinch Hitting: SHB Billy Heimach
|
0-0: Ground out 5-3 (Groundball, 5, EV 86.9 MPH)
|
|
Pinch Hitting: RHB David Daniels
|
0-0: Ball 1-0: Ball 2-0: Fly out, F4 (Line Drive, 4, EV 71.9 MPH)
|
| Bottom of the 9th over - 0 runs, 0 hits, 0 errors, 0 left on base; Greenwood 5 - Gastonia 4 |
|